 Dungeon Crawl Stone Soup version 0.24.0-29-g8ce449bc06 (webtiles) character file.

Game seed: 4579681870588121823, levelgen mode: deterministic

32 Emblim88 the Shooter (level 3, -5/28 HPs)
             Began as a Centaur Arcane Marksman on Nov 14, 2019.
             Slain by Robin
             ... wielding a +0 spear
              (8 damage)
             ... on level 2 of the Dungeon.
             The game lasted 00:01:40 (1071 turns).

Emblim88 the Shooter (Centaur Arcane Marksman)      Turns: 1071, Time: 00:01:42

Health: -5/28      AC:  4    Str: 12    XL:     3   Next: 10%
Magic:  4/4        EV: 10    Int: 13    God:
Gold:   33         SH:  0    Dex:  9    Spells: 3/4 levels left

rFire    . . .     SeeInvis .   i - +2 dagger (freeze)
rCold    . . .     Gourm    .   (no shield)
rNeg     . . .     Faith    .   e - +0 robe
rPois    .         Spirit   .   (no helmet)
rElec    .         Reflect  .   (no cloak)
rCorr    .         Harm     .   (no gloves)
MR       .....                  (no barding)
Stlth    +.........             (no amulet)
HPRegen  0.09/turn              (no ring)
MPRegen  0.09/turn              (no ring)

@: very quick
A: large, hooves 3, deformed body, speed 2, tough skin 3
a: no special abilities


You were on level 2 of the Dungeon.
You were not hungry.

You visited 1 branch of the dungeon, and saw 2 of its levels.

You collected 33 gold pieces.

Inventory:

Hand Weapons
 a - a +0 shortbow
 i - a +2 dagger of freezing (weapon)
Armour
 e - a +0 robe (worn)
Scrolls
 b - a scroll of magic mapping {unknown}
 h - a scroll of remove curse {unknown}
 j - a scroll of blinking {unknown}
Potions
 c - a potion of flight {unknown}
 g - 3 potions of curing {unknown}
 k - a potion of haste {unknown}
Comestibles
 f - 3 rations


   Skills:
 + Level 1.4 Fighting
 * Level 3.5 Bows
 + Level 1.6 Dodging
 + Level 1.2 Spellcasting
 + Level 2.9 Hexes


You had 3 spell levels left.
You knew the following spells:

 Your Spells              Type           Power        Failure   Level  Hunger
a - Corona                Hex            #......      9%          1    ##.....

Your spell library contained the following spells:

 Spells                   Type           Power        Failure   Level  Hunger
 Slow                     Hex            #.......     12%         2    ###....
 Inner Flame              Hex/Fire       #.......     41%         3    ####...
 Portal Projectile        Hex/Tloc       #.....       41%         3    ####...
 Cause Fear               Hex            #.........   63%         4    #####..
 Leda's Liquefaction      Hex/Erth       #.........   83%         4    #####..


Dungeon Overview and Level Annotations

Branches:
Dungeon (2/15)

Altars:

Annotations:
D:2 Robin


Innate Abilities, Weirdness & Mutations

You have hooves in place of feet.
Armour fits poorly on your strangely shaped body.
You cover ground very quickly.
You have extremely tough skin. (AC +3)


Message History

Robin throws the goblin at you!
You hit the hobgoblin but do no damage. The goblin hits you but does no damage.
The hobgoblin hits you.
Robin hits you from afar with a +0 spear.
You barely miss the hobgoblin. Your kick misses the hobgoblin.
The goblin hits you with a +0 dagger. The hobgoblin hits you!
* * * LOW HITPOINT WARNING * * *
Robin hits you but does no damage.
You hit the hobgoblin. You freeze the hobgoblin.
The hobgoblin is severely wounded.
The goblin barely misses you. The hobgoblin closely misses you.
Robin hits you from afar with a +0 spear.
* * * LOW HITPOINT WARNING * * *
The goblin shouts!
You hit the hobgoblin. You freeze the hobgoblin.
You kill the hobgoblin!
The goblin closely misses you.
A goblin comes into view.
Robin hits you from afar with a +0 spear!
You die...

.g S# ###.# ....
#.. #.# . #g# ..
#g# ...####@# #
......#g#####.(##
....#..gg<.......
#....g.........
#####g##.###...
.g.. ..# .
##g####... .(
##.# g.# ...


You could see Robin, a hobgoblin and 7 goblins.

Vanquished Creatures
  An ooze (D:1)
  2 dart slugs (D:1)
  A leopard gecko (D:1)
  A bat (D:1)
  A giant cockroach (D:1)
  2 hobgoblins
  2 ball pythons (D:2)
  2 frilled lizards (D:1)
  5 goblins
  2 kobolds (D:1)
  3 rats
22 creatures vanquished.

Notes
Turn   | Place    | Note
-------+----------+-------------------------------------------
     0 | D:1      | Emblim88 the Centaur Arcane Marksman began the quest for
                  | the Orb.
     0 | D:1      | Reached XP level 1. HP: 16/16 MP: 2/2
    51 | D:1      | Reached skill level 3 in Bows
    70 | D:1      | Reached XP level 2. HP: 23/23 MP: 3/3
  1049 | D:2      | Reached XP level 3. HP: 28/28 MP: 4/4
  1052 | D:2      | Noticed Robin
  1071 | D:2      | Slain by Robin

Levels and vault maps discovered:
D:1:      zaba_arrival_water, layout_basic
D:2:      layout_rooms, glass_columns_a, uniq_sigmund, uniq_robin, uniq_natasha

Skill      XL: |  1 |
---------------+----+-----
Bows           | 3 |  3.5
Fighting       | |  1.4
Dodging        | |  1.6
Spellcasting   | |  1.2
Hexes          | |  2.9

Action                   || total
-------------------------++-------
Melee: Dagger            ||     7
       Kick              ||     1
 Fire: Shortbow          ||    50
Armor: Robe              ||     5
Dodge: Dodged            ||     9
